 Dungeon Crawl Stone Soup version 0.28.0-43-g3370ac3207 (webtiles) character file.

Game seed: 6467370682915823626

18834 adizb the Fighter (level 12, -9/112 HPs)
             Began as a Grey Draconian Monk on Mar 9, 2022.
             Was a High Priest of the Shining One.
             Killed from afar by an orc sorcerer (18 damage)
             ... with a bolt of fire
             ... led by an orc warlord
             ... while paralysed by an orc sorcerer
             ... on level 10 of the Dungeon.
             The game lasted 01:17:26 (8583 turns).

adizb the Fighter (Grey Draconian Monk)             Turns: 8583, Time: 01:17:26

Health: -9/112     AC: 15    Str: 23      XL:     12   Next: 31%
Magic:  19/20      EV:  2    Int:  9      God:    the Shining One [*****.]
Gold:   208        SH:  0    Dex: 11 (12) Spells: 13/22 levels left

rFire   . . .      SeeInvis +   y - +5 great mace "Suej" {venom, rC+ Str+6 Dex-3}
rCold   + . .      Faith    +   (shield currently unavailable)
rNeg    + + .      Spirit   .   (armour unavailable)
rPois   +          Reflect  .   (helmet restricted)
rElec   .          Harm     .   L - +0 cloak
rCorr   .          Rampage  .   (no gloves)
Will    .....                   (no boots)
Stlth   +.........              c - amulet of faith
HPRegen 0.28/turn               k - ring of see invisible
MPRegen 0.17/turn               t - ring of poison resistance

@: paralysed, divinely shielded, glowing
A: AC +13, amphibious, unfitting armour, cold-blooded, camouflage 1,
deterioration 1, dopey 1, shaggy fur 1
a: Renounce Religion, Divine Shield, Cleansing Flame, Summon Divine Warrior


You were on level 10 of the Dungeon.
You worshipped the Shining One.
The Shining One was extremely pleased with you.
You visited 3 branches of the dungeon, and saw 13 of its levels.
You also visited: Sewer.

You collected 469 gold pieces.
You spent 261 gold pieces at shops.

Inventory:

Hand Weapons
 v - a +5 broad axe of electrocution
 y - the +5 great mace "Suej" (weapon) {venom, rC+ Str+6 Dex-3}
   (You found it on level 7 of the Dungeon)

   It poisons the flesh of those it strikes.
   Str:       It affects your strength (+6).
   Dex:       It affects your dexterity (-3).
   rC:        It protects you from cold.
 F - a +6 battleaxe of holy wrath
 I - a +1 hand axe of flaming
Missiles
 f - 3 curare-tipped darts
 w - 245 stones
 G - 13 poisoned darts
Armour
 L - a +0 cloak (worn)
Jewellery
 c - an amulet of faith (around neck)
 k - a ring of see invisible (left hand)
 o - a +6 ring of intelligence
 t - a ring of poison resistance (right hand)
 u - a ring of protection from cold
 H - a +6 ring of intelligence
 N - a ring of protection from cold
Wands
 a - a wand of acid (2)
 j - a wand of flame (24)
 q - a wand of mindburst (38)
 z - a wand of iceblast (18)
 E - a wand of polymorph (16)
 K - a wand of digging (6)
Scrolls
 g - 2 scrolls of magic mapping
 i - 2 scrolls of holy word
 r - a scroll of silence
 C - a scroll of teleportation
Potions
 b - a potion of lignification
 e - a potion of brilliance
 h - a potion of haste
 l - 4 potions of flight
 s - 2 potions of curing
 x - 2 potions of cancellation
 A - 2 potions of berserk rage
 B - a potion of resistance
 P - a potion of might


   Skills:
 * Level 12.0 Fighting
 - Level 1.1(5.2) Axes
 + Level 8.1(8.2) Maces & Flails
 + Level 7.4 Dodging
 - Level 1.8 Stealth
 + Level 5.7 Spellcasting
 + Level 7.3 Conjurations
 + Level 9.8 Earth Magic
 * Level 5.2 Invocations
 - Level 3.2 Evocations


You had 13 spell levels left.
You knew the following spells:

 Your Spells              Type           Power      Damage    Failure   Level
a - Passwall              Tmut/Erth      9%         N/A       4%          2
b - Sandblast             Erth           40%        2d10      1%          1
c - Iron Shot             Conj/Erth      9%         9d3       71%         6

Your spell library contained the following spells:

 Spells                   Type           Power      Damage    Failure   Level
 Mephitic Cloud           Conj/Pois/Air  6%         N/A       26%         3
 Ensorcelled Hibernation  Hex/Ice        4%         N/A       34%         2
 Poisonous Vapours        Pois/Air       4%         N/A       34%         2
 Ignite Poison            Fire/Tmut/Pois 2%         N/A       56%         3
 Swiftness                Air            2%         N/A       56%         3
 Tukima's Dance           Hex            2%         N/A       56%         3
 Anguish                  Hex/Necr       1%         N/A       92%         4
 Animate Dead             Necr           1%         N/A       92%         4
 Enfeeble                 Hex            1%         N/A       100%        7
 Haunt                    Necr/Summ      1%         N/A       100%        7
 Infestation              Necr           1%         N/A       100%        8


Dungeon Overview and Level Annotations

Branches:
Dungeon (11/15)            Temple (1/1) D:7            Lair (0/6) D:11
    Orc (1/2) D:10          Sewer (visited)

Altars:
Ashenzari
Cheibriados
Dithmenos
Elyvilon
Fedhas
Gozag
Hepliaklqana
Kikubaaqudgha
Makhleb
Nemelex Xobeh
Qazlal
Ru
Sif Muna
Trog
Uskayaw
Vehumet
Wu Jian
Xom
Yredelemnul
Zin
The Shining One

Shops:
D:3 *   D:4 (   D:5 *   D:7 (   D:10 *

Annotations:
D:10 3 runed translucent doors, bmoney's ghost, journeyman DjCj


Innate Abilities, Weirdness & Mutations

Your dull iron-grey scales are very hard. (AC +13)
You are amphibious.
You cannot fit into any form of body armour.
You are cold-blooded and may be slowed by cold attacks.
Your skin changes colour to match your surroundings (Stealth+).
Your body sometimes deteriorates upon taking damage.
You are dopey. (Int -2)
You are covered in fur. (AC +1)


Message History

The orc warrior barely misses you. The troll bites you but does no damage.
The troll claws you but does no damage. The troll misses you.
The orc warrior hits you with a +3 broad axe of flaming.
The orc warrior burns you.
You climb upwards.
Welcome back to the Dungeon!
Level annotation: 3 runed translucent doors, bmoney's ghost, journeyman DjCj
There is a staircase to the Orcish Mines here.
A divine shield forms around you! You block the orc sorcerer's attack.
The orc hits you but does no damage.
The orc wizard hits you but does no damage.
The orc warrior hits you with a +0 war axe.
The troll closely misses you. You block the troll's attack.
The troll claws you!
* * * LOW HITPOINT WARNING * * *
The orc warrior hits you with a +3 broad axe of flaming!
* * * LOW HITPOINT WARNING * * *
The orc warrior burns you.
* * * LOW HITPOINT WARNING * * *
As you read the scroll of fear, it crumbles to dust.
You assume a fearsome visage.
The orc warrior looks frightened!
The orc wizard looks frightened!
The orc warrior looks frightened!
The troll looks frightened!
The orc looks frightened!
The orc sorcerer looks frightened!
The orc wizard gestures wildly while chanting.
The orc wizard flickers and vanishes for a moment.
Unknown command.
You bludgeon the orc wizard!!
You kill the orc wizard!
Cornered, the orc sorcerer turns to fight!
The orc sorcerer gestures at you while chanting.
You suddenly lose the ability to move!
The orc sorcerer hits you with a +0 dagger.
* * * LOW HITPOINT WARNING * * *
The orc sorcerer hits you with a +0 dagger.
* * * LOW HITPOINT WARNING * * *
The orc sorcerer hits you with a +0 dagger.
* * * LOW HITPOINT WARNING * * *
The orc sorcerer gestures at you while chanting.
The bolt of fire hits you!!
You die...

...........................#....#
.................#..............#
.................#.#..........#..
.).................##.........#.#
.).................##............
....#.............###...........#
....#.........#####.....#####..##
..............#o.....8....T.#.###
###########...#.@...........#..#.
.#..#.... ##÷.#.............#....
#§#.#r#.. #)#.......)..........#
.#..+2.)[ #...8.....>)....8...##
....+W... #..........)......###
.#..+3... ##..#.............##
#.#.#b#.. #...#.............#
.#.§#.... #...#......8....o.#
###########...#####o...o########


You could see an orc sorcerer (strong).

Vanquished Creatures
  3 two-headed ogres
  Sonja (D:11)
  A glowing orange brain (D:10)
  Pikel (D:8)
  5 ugly things (D:10)
  A gargoyle (D:10)
  A kobold demonologist (D:11)
  2 trolls
  A hornet (D:8)
  2 meliai zombies
  Sigmund (D:3)
  A wraith (D:10)
  3 wyverns
  21 yaks
  A two-headed ogre zombie (D:10)
  An acid dragon (D:10)
  2 water moccasins
  An ice beast (D:7)
  3 orc warriors
  3 sky beasts
  A sky beast (shapeshifter) (D:10)
  3 black bears
  A hornet zombie (D:8)
  4 necrophages (D:8)
  An ogre (D:10)
  5 centaurs
  A lemure (D:8)
  2 phantoms (D:10)
  4 kobold brigands
  3 bullfrogs
  2 scorpions
  13 killer bees
  16 wights
  A howler monkey (D:8)
  A bullfrog zombie (D:5)
  13 centaur zombies
  A centaur skeleton (D:6)
  4 orc priests
  A hound (D:4)
  2 jellies (D:5)
  Ijyb (D:3)
  2 iguanas
  9 orc wizards
  2 killer bee zombies (D:8)
  7 ogre zombies (D:10)
  A hound zombie (D:5)
  A howler monkey zombie (D:9)
  7 gnolls (D:6)
  10 adders
  A river rat (D:3)
  2 white imps (D:6)
  6 worms
  A dart slug (D:1)
  26 orcs
  7 bats
  5 endoplasms
  7 giant cockroaches
  15 goblins
  6 hobgoblins
  9 jackals
  16 kobolds
  A quokka (D:1)
  8 ball pythons
  3 frilled lizards
  2 goblin zombies (D:10)
  2 hobgoblin skeletons (D:10)
  4 hobgoblin zombies (D:10)
  3 orc skeletons (D:10)
  14 orc zombies (D:10)
  7 rats
319 creatures vanquished.

Vanquished Creatures (others)
  2 fungi (D:6)
2 creatures vanquished.

Grand Total: 321 creatures vanquished

Notes
Turn   | Place    | Note
-------+----------+-------------------------------------------
     0 | D:1      | adizb the Draconian Monk began the quest for the Orb.
     0 | D:1      | Reached XP level 1. HP: 19/19 MP: 1/1
   221 | D:1      | Reached XP level 2. HP: 17/26 MP: 2/2
   398 | D:1      | Reached skill level 4 in Fighting
   506 | D:1      | Reached XP level 3. HP: 18/33 MP: 3/3
   972 | D:2      | Reached XP level 4. HP: 21/41 MP: 4/4
  1083 | D:2      | Found a hazy altar of Hepliaklqana.
  1260 | D:2      | Found a faded altar of an unknown god.
  1324 | D:3      | Found Ujom's General Store.
  1330 | D:3      | Bought a scroll of identify for 24 gold pieces
  1330 | D:3      | Bought a scroll of identify for 24 gold pieces
  1332 | D:3      | Noticed Sigmund
  1515 | D:3      | Found a glowing drain.
  1537 | D:3      | Reached skill level 5 in Fighting
  1538 | D:3      | Reached XP level 5. HP: 27/48 MP: 5/5
  1548 | Sewer    | Entered a sewer
  1902 | Sewer    | Reached XP level 6. HP: 30/57 MP: 6/6
  2067 | D:3      | Noticed Ijyb
  2093 | D:3      | Killed Ijyb
  2126 | D:3      | Reached skill level 6 in Fighting
  2215 | D:3      | Killed Sigmund
  2298 | D:3      | Your scales start taking on a dull iron-grey colour.
  2298 | D:3      | Reached XP level 7. HP: 31/64 MP: 7/7
  2331 | D:3      | Learned a level 2 spell: Passwall
  2465 | D:4      | Found Ydeng's Antique Weapon Emporium.
  2476 | D:4      | Noticed a yak
  2834 | D:4      | Noticed a yak
  3041 | D:4      | Gained mutation: You occasionally shout uncontrollably at
                  | your foes. [potion of mutation]
  3041 | D:4      | Gained mutation: You expend magic power (3 MP) to
                  | strengthen your wands. [potion of mutation]
  3041 | D:4      | Gained mutation: Your body sometimes deteriorates upon
                  | taking damage. [potion of mutation]
  3041 | D:4      | Gained mutation: You are covered in fur. (AC +1) [potion of
                  | mutation]
  3057 | D:4      | Noticed a yak
  3067 | D:5      | Entered Level 5 of the Dungeon
  3127 | D:5      | Found a hide-covered altar of Uskayaw.
  3147 | D:5      | Reached skill level 1 in Earth Magic
  3178 | D:5      | Found Jiesem's Assorted Antiques.
  3182 | D:5      | Bought a metallic red potion for 16 gold pieces
  3182 | D:5      | Bought a brown potion for 16 gold pieces
  3268 | D:5      | Reached skill level 7 in Fighting
  3268 | D:5      | Reached skill level 1 in Spellcasting
  3432 | D:5      | Reached skill level 5 in Maces & Flails
  3449 | D:5      | Reached skill level 1 in Evocations
  3677 | D:5      | Reached XP level 8. HP: 69/73 MP: 0/10
  3900 | D:4      | Bought a runed broad axe for 161 gold pieces
  3939 | D:4      | Reached skill level 8 in Fighting
  3939 | D:4      | Reached skill level 5 in Dodging
  4121 | D:6      | Reached XP level 9. HP: 54/82 MP: 13/13
  4292 | D:6      | Reached skill level 1 in Axes
  4407 | D:6      | Identified a scroll of acquirement
  4407 | D:6      | Acquired the Papyrus of Dusty Contamination
  4411 | D:6      | Learned a level 1 spell: Sandblast
  4749 | D:7      | Found Niffon's Antique Weapon Shoppe.
  4785 | D:7      | Reached skill level 9 in Fighting
  4832 | D:7      | Noticed a two-headed ogre
  4929 | D:7      | Identified the +5 great mace "Suej" {venom, rC+ Str+6
                  | Dex-3}
  4940 | D:7      | Killed a two-headed ogre
  4941 | D:7      | Reached skill level 5 in Earth Magic
  5058 | D:7      | Learned a level 6 spell: Iron Shot
  5174 | D:7      | Found a staircase to the Ecumenical Temple.
  5183 | Temple   | Entered the Ecumenical Temple
  5297 | Temple   | Became a worshipper of the Shining One
  5297 | Temple   | Reached * piety under the Shining One
  5297 | Temple   | Reached ** piety under the Shining One
  5347 | D:7      | Found an ancient bone altar of Kikubaaqudgha.
  5628 | D:7      | Reached skill level 1 in Invocations
  5629 | D:7      | Reached XP level 10. HP: 90/91 MP: 15/15
  5687 | D:8      | Noticed Pikel
  5694 | D:8      | Killed Pikel
  5753 | D:8      | Paralysed by a hornet for 3 turns
  5810 | D:8      | Reached skill level 10 in Fighting
  6031 | D:8      | Reached *** piety under the Shining One
  6500 | D:9      | Found a radiant altar of Vehumet.
  6731 | D:9      | Reached **** piety under the Shining One
  6847 | D:9      | Found an ornate altar of the Wu Jian Council.
  6922 | D:10     | Entered Level 10 of the Dungeon
  6981 | D:10     | Found a white marble altar of Elyvilon.
  7044 | D:10     | Found a runed translucent gate.
  7067 | D:10     | Reached skill level 5 in Conjurations
  7091 | D:10     | Found a runed translucent gate.
  7091 | D:10     | Found a runed translucent gate.
  7091 | D:10     | Noticed a cyan ugly thing
  7091 | D:10     | Noticed a cyan ugly thing
  7091 | D:10     | Noticed a glowing orange brain
  7091 | D:10     | Noticed a white ugly thing
  7092 | D:10     | Noticed a red ugly thing
  7092 | D:10     | Noticed a green ugly thing
  7093 | D:10     | Noticed an eye of devastation
  7093 | D:10     | a snapping turtle changed into an eye of devastation
  7124 | D:10     | Reached ***** piety under the Shining One
  7147 | D:10     | Reached XP level 11. HP: 68/101 MP: 17/17
  7189 | D:10     | Found a staircase to the Orcish Mines.
  7235 | D:10     | Reached ****** piety under the Shining One
  7317 | D:10     | Found Cuca's CLEARANCE SALE!.
  7322 | D:10     | Bought a potion of curing for 12 gold pieces
  7322 | D:10     | Bought a scroll of fog for 8 gold pieces
  7444 | D:10     | Noticed a two-headed ogre
  7453 | D:10     | Killed a two-headed ogre
  7454 | D:10     | Reached skill level 11 in Fighting
  7524 | D:10     | Reached skill level 5 in Spellcasting
  7590 | D:10     | Identified a +6 battleaxe of holy wrath (a +4 battleaxe
                  | blessed by the Shining One)
  7590 | D:10     | Received a gift from the Shining One
  7658 | D:10     | Found a basalt altar of Yredelemnul.
  7782 | D:10     | Killed a white ugly thing
  7786 | D:10     | Killed a white ugly thing
  7792 | D:10     | Killed a white ugly thing
  7803 | D:10     | Killed a brown ugly thing
  7839 | D:10     | Killed a glowing orange brain
  7840 | D:10     | Reached XP level 12. HP: 45/110 MP: 20/20
  7850 | D:10     | Found a runed translucent gate.
  7850 | D:10     | Found a runed translucent gate.
  7854 | D:10     | Found a runed translucent gate.
  7854 | D:10     | Noticed bmoney's ghost (journeyman DjCj)
  7861 | D:10     | Noticed a cacodemon
  7908 | D:10     | Lost mutation: You occasionally shout uncontrollably at
                  | your foes. [potion of mutation]
  7908 | D:10     | Lost mutation: You expend magic power (3 MP) to strengthen
                  | your wands. [potion of mutation]
  7908 | D:10     | Gained mutation: You are dopey. (Int -2) [potion of
                  | mutation]
  7908 | D:10     | Gained mutation: Your skin changes colour to match your
                  | surroundings (Stealth+). [potion of mutation]
  7916 | D:11     | Noticed Sonja
  7934 | D:11     | Killed Sonja
  7963 | D:11     | Found a staircase to the Lair.
  7965 | D:11     | Noticed a fire dragon
  7975 | D:11     | HP: 5/111 [fire dragon/blast of flame (10)]
  8386 | D:11     | Noticed a two-headed ogre
  8426 | D:10     | Killed a two-headed ogre
  8427 | D:10     | Reached skill level 5 in Invocations
  8454 | D:11     | Reached skill level 12 in Fighting
  8549 | Orc:1    | Entered Level 1 of the Orcish Mines
  8554 | Orc:1    | Noticed an orc warlord
  8579 | D:10     | Paralysed by an orc sorcerer for 7 turns
  8583 | D:10     | Killed from afar by an orc sorcerer

Illustrated notes

Levels and vault maps discovered:
D:1:      elethiomel_arrival_infinity_welcomes_careful_drivers,
          layout_loops_ring
D:2:      layout_rooms, basic_altar, shapermc_ecumenical_altar_totnotflames
D:3:      kennysheep_the_goblin_king, layout_loops_ring, serial_shops, shop,
          portal_sewer_entry_a, serial_park_tiny_2, uniq_sigmund
D:4:      layout_loops_ring, serial_shops, shop
D:5:      layout_loops_ring, nicolae_uskayaw_dance_hall, serial_shops, shop,
          grunt_decor_fettered
D:6:      layout_cave_pools, water_boxes_lemuel
D:7:      layout_cave_pods, lemuel_round_altar,
          minmay_temple_entry_glassed_door, serial_shops, shop_statue
D:8:      layout_gridville, serial_undead, serial_undead_d, serial_undead_f,
          serial_undead_d, serial_undead_d, uniq_pikel
D:9:      layout_irregular_city, nzn_wu_jian_contemplation,
          nicolae_overflow_crystal_walls
D:10:     layout_cave_pools, marbit_many_paths,
          nicolae_yredelemnul_corpse_copse, zombieorc2_lemuel,
          ploomutoo_gammafunk_ghost_potion_laboratory, nicolae_shop_clearance
D:11:     layout_cave_pools, minmay_lair_entry_lava, uniq_fannar, uniq_sonja,
          uniq_erolcha
Temple:   eino_temple_rhombus
Orc:1:    layout_caves, uniq_erica

Skill      XL: |  1  2  3  4  5  6  7  8  9 10 11 12 |
---------------+-------------------------------------+-----
Dodging        | 3 4 5 6 7 |  7.4
Fighting       | 4 5 6 7 8 9 10 11 12 | 12.0
Maces & Flails | 4 5 6 7 8 |  8.1
Earth Magic    | 2 3 5 7 9 |  9.8
Spellcasting   | 1 2 3 4 5 |  5.7
Evocations     | 1 2 3 |  3.2
Axes           | 1 |  1.1
Conjurations   | 3 5 6 7 |  7.3
Invocations    | 1 3 4 5 |  5.2
Stealth        | |  1.8

Action                   |  1- 3 |  4- 6 |  7- 9 | 10-12 || total
-------------------------+-------+-------+-------+-------++-------
Melee: Mace              |   117 |   200 |   129 |       ||   446
       Tailslap          |     9 |    18 |    36 |    84 ||   147
       Punch             |     1 |     1 |     6 |       ||     8
       Broad axe         |       |       |    92 |       ||    92
       Great mace        |       |       |    39 |   354 ||   393
       Battleaxe         |       |       |       |    43 ||    43
Throw: Dart              |       |       |     2 |       ||     2
 Cast: Sandblast         |       |       |     8 |    18 ||    26
Invok: Divine Shield     |       |       |       |     9 ||     9
       Cleansing Flame   |       |       |       |     1 ||     1
       Brand Weapon With |       |       |       |     1 ||     1
Evoke: Wand              |       |       |    10 |     1 ||    11
  Use: Potion            |     2 |     3 |     4 |     6 ||    15
       Scroll            |       |     6 |     7 |    10 ||    23
 Stab: Sleeping          |     3 |     3 |     2 |       ||     8
       Distracted        |       |     1 |     1 |       ||     2
Armor: Skin              |    52 |    51 |   107 |   287 ||   497
Dodge: Dodged            |    76 |   122 |   194 |   480 ||   872
Block: Other             |       |       |       |    74 ||    74
